 Dungeon Sprint DCSS version 0.30.1-8-g117510f58f (webtiles) character file.

Game seed: 16498089285342798806

29586 Heoruswealwe the Minotaur Porcupine (level 13, -13/145 HPs)
             Began as a Minotaur Fighter on Sept 22, 2023.
             Was an Initiate of Gozag.
             Mangled by a spark wasp (21 damage)
             ... in the Dungeon (Sprint IX: "|||||||||||||||||||||||||||||").
             The game lasted 00:37:24 (2835 turns).

Heoruswealwe the Minotaur Porcupine (MiFi)          Turns: 2835, Time: 00:37:24

Health: -13/145    AC: 24    Str: 23    XL:     13   Next: 16%
Magic:  12/12      EV:  9    Int:  8    God:    Gozag
Gold:   1259       SH:  0    Dex: 15    Spells: 12/12 levels left

rFire   + + .        b - +2 halberd (protect)
rCold   + + +        (shield currently unavailable)
rNeg    + + +        c - +4 chain mail of Gallantry {rN+ rCorr Int+3}
rPois   +            g - +0 hat {Stlth+}
rElec   +            h - +0 cloak
rCorr   +            f - +3 pair of gloves of Discretion {Str-3 Dex+3 SInv}
SInv    +            e - +0 pair of boots
Will    +++..        i - amulet of the Four Winds {rN+ Will+++ Clar} Stlth
                     k - ring "Fikhleo" {Contam rC++ rN+ Str+2}
HPRegen 0.44/turn    j - ring of protection from fire
MPRegen 0.13/turn

%: no teleportation, clarity
@: resistant, corroded, gold aura
A: horns 2, retaliatory headbutt
a: Renounce Religion, Potion Petition, Call Merchant, Bribe Branch


You were in the Dungeon.
You worshipped Gozag.
Gozag was most pleased with you.
You visited 1 branch You collected 10858 gold pieces.
You spent 4748 gold pieces at shops.
You paid 4851 gold pieces to Gozag.

Inventory:

Hand Weapons
 a - a +3 trident of freezing
 b - a +2 halberd of protection (weapon)
 p - a +0 glaive
Armour
 c - the +4 chain mail of Gallantry (worn) {rN+ rCorr Int+3}
   (You found it in the Dungeon)

   Int:       It affects your intelligence (+3).
   rN:        It protects you from negative energy.
   rCorr:     It protects you from acid and corrosion.
 d - a +0 buckler
 e - a +0 pair of boots (worn)
 f - the +3 pair of gloves of Discretion (worn) {Str-3 Dex+3 SInv}
   (You bought it in a shop in the Dungeon)

   Str:       It affects your strength (-3).
   Dex:       It affects your dexterity (+3).
   SInv:      It lets you see invisible.
 g - a +0 hat of stealth (worn)
 h - a +0 cloak (worn)
 y - +0 storm dragon scales
 z - a +0 plate armour of poison resistance
Jewellery
 i - the amulet of the Four Winds (around neck) {rN+ Will+++ Clar}
   (You bought it in a shop in the Dungeon)

   [amulet of nothing]

   rN:        It protects you from negative energy.
   Clar:      It protects you from confusion, rage, mesmerisation and fear.
   Will:      It greatly increases your willpower.
 j - a ring of protection from fire (right hand)
 k - the ring "Fikhleo" (left hand) {Contam rC++ rN+ Str+2}
   (You bought it in a shop in the Dungeon)

   [ring of positive energy]

   Str:       It affects your strength (+2).
   rC:        It greatly protects you from cold.
   rN:        It protects you from negative energy.
   Contam:    It causes magical contamination when unequipped.
 x - a ring of poison resistance
Wands
 m - a wand of light (10)
Scrolls
 q - 6 scrolls of enchant armour
 r - 4 scrolls of identify
 B - 4 scrolls of enchant weapon
Potions
 l - 2 potions of cancellation
 s - 4 potions of ambrosia
 t - a potion of might
 u - a potion of flight
 w - 2 potions of mutation
 A - a potion of haste
 C - a potion of invisibility
Miscellaneous
 G - a piece from Xom's chessboard (15/15)


   Skills:
 * Level 21.7 Fighting
 O Level 27 Polearms
 + Level 20.9 Armour
 + Level 7.3 Shields
 + Level 4.6 Evocations


You had 12 spell levels left.
You didn't know any spells.
Your spell library contained the following spells:

 Spells                   Type           Power      Damage    Failure   Level
 Gell's Gravitas          Tloc           0%         N/A       98%         3
 Teleport Other           Tloc           0%         N/A       98%         3
 Dispersal                Tloc           0%         N/A       100%        6


Dungeon Overview and Level Annotations

Branches:
Dungeon (1/1)

Altars:
Cheibriados
Dithmenos
Elyvilon
Fedhas
Gozag
Hepliaklqana
Kikubaaqudgha
Makhleb
Nemelex Xobeh
Okawaru
Qazlal
Ru
Sif Muna
Trog
Uskayaw
Vehumet
Wu Jian
Xom
Yredelemnul
Zin
The Shining One
Jiyva
Lugonu

Shops:
D (!**=(((*


Innate Abilities, Weirdness & Mutations

You have a pair of horns on your head.
You reflexively headbutt those who attack you in melee.


Message History

You miss the culicivora. Your headbutt misses the culicivora.
The culicivora is moderately wounded.
You feel sick.
You are no longer poisoned.
The culicivora barely misses you.
You hit the culicivora but do no damage.
Your headbutt misses the culicivora.
The culicivora is moderately wounded.
The culicivora bites you.
* * * LOW HITPOINT WARNING * * *
You impale the culicivora!!
You kill the culicivora!
The entropy weaver casts a spell at you.
The entropic weave corrodes you!
You slice the spark wasp!!
The spark wasp is moderately wounded.
The spark wasp completely misses you. You furiously retaliate!
You headbutt the spark wasp! You miss the spark wasp.
Your headbutt misses the spark wasp.
The spark wasp is heavily wounded.
The spark wasp stings you.
* * * LOW HITPOINT WARNING * * *
The spark wasp shocks you. You resist.
* * * LOW HITPOINT WARNING * * *
You hit the spark wasp.
The spark wasp is heavily wounded.
The spark wasp stings you!
* * * LOW HITPOINT WARNING * * *
The spark wasp shocks you. You resist.
* * * LOW HITPOINT WARNING * * *
Blink to where?
Press: ? - help, Dir - move target
As you read the scroll of blinking, it crumbles to dust.
Blink to where?
Press: ? - help, Dir - move target
As you read the scroll of blinking, it crumbles to dust.
You start resting.
The spark wasp stings you!!
You die...
Your body crumbles into a pile of gold.

▓▓▓▓▓▓▓▓▓▓▓▓▓▓▓▓▓▓▓
▓<▓...▓...▓...▓.y.▓
▓.▓.▓.▓.▓.▓.▓.▓@▓.▓
▓!▓.▓.▓.▓.▓.▓.▓.▓.▓
▓.▓.▓.▓.▓.▓.▓.▓.▓.▓
▓'▓.▓.▓.▓.▓.▓.▓.▓.▓
▓)▓.▓.▓.▓.▓.▓.▓.▓.▓
▓.▓.▓.▓.▓.▓.▓.▓.▓.▓
▓.▓.▓'▓.▓.▓.▓.▓.▓.▓
▓.▓.▓.▓.▓.▓.▓.▓.▓§▓
▓.▓.▓.▓.▓.▓.▓'▓.▓.▓


You could see a spark wasp.

Vanquished Creatures
  A lich (D)
  Gastronok (D)
  A frost giant (D)
  A fire giant (D)
  A very ugly thing (D)
  2 dire elephants (D)
  Nessos (D)
  A fire dragon (D)
  Josephine (D)
  A hydra (D)
  A rakshasa (D)
  2 centaur warriors (D)
  A two-headed ogre (D)
  A vampire mage (D)
  2 tengu warriors (D)
  An orc high priest (D)
  A skeletal warrior (D)
  A sun moth (D)
  A pharaoh ant (D)
  3 orc knights (D)
  8 orc sorcerers (D)
  An ugly thing (D)
  3 wolf spiders (D)
  6 elephants (D)
  2 cyclopes (D)
  2 cane toads (D)
  2 rime drakes (D)
  An efreet (D)
  2 komodo dragons (D)
  A polar bear (D)
  2 hornets (D)
  A culicivora (D)
  2 yaks (D)
  3 wraiths (D)
  3 basilisks (D)
  2 vampire mosquitoes (D)
  6 water moccasins (D)
  8 orc warriors (D)
  2 wolves (D)
  A phantom (D)
  A bullfrog (D)
  A wight (D)
  3 orc priests (D)
  A sleepcap (D)
  9 orc wizards (D)
  An adder (D)
  An ufetubus (D)
  8 orcs (D)
  A ball python (D)
  An endoplasm (D)
  A kobold (D)
  2 goblins (D)
113 creatures vanquished.

Notes
Turn   | Place    | Note
-------+----------+-------------------------------------------
     0 | D        | Heoruswealwe the Minotaur Fighter began the quest for the
                  | Orb.
     0 | D        | Reached XP level 1. HP: 19/19 MP: 0/0
     6 | D        | Reached skill level 3 in Polearms
    25 | D        | Noticed a phantom
    25 | D        | Noticed a water moccasin
    25 | D        | Noticed a sleepcap
    27 | D        | Reached skill level 4 in Polearms
    27 | D        | Reached XP level 2. HP: 27/28 MP: 1/1
    30 | D        | Killed a phantom
    31 | D        | Reached skill level 7 in Polearms
    31 | D        | Reached XP level 3. HP: 24/37 MP: 2/2
    31 | D        | Reached XP level 4. HP: 28/44 MP: 3/3
    41 | D        | Killed a water moccasin
    42 | D        | Reached skill level 9 in Polearms
    42 | D        | Reached XP level 5. HP: 29/52 MP: 4/4
    48 | D        | Reached skill level 10 in Polearms
    54 | D        | HP: 2/53 [poisoned by a water moccasin]
    61 | D        | Found a snail-covered altar of Cheibriados.
    61 | D        | Found a shadowy altar of Dithmenos.
    61 | D        | Found a white marble altar of Elyvilon.
    61 | D        | Found a blossoming altar of Fedhas.
    61 | D        | Found an opulent altar of Gozag.
    62 | D        | Found a hazy altar of Hepliaklqana.
    63 | D        | Found a viscous altar of Jiyva.
    64 | D        | Found an ancient bone altar of Kikubaaqudgha.
    65 | D        | Found a corrupted altar of Lugonu.
    66 | D        | Found a burning altar of Makhleb.
    67 | D        | Found a sparkling altar of Nemelex Xobeh.
    68 | D        | Found an iron altar of Okawaru.
    69 | D        | Became a worshipper of Gozag Ym Sagoz the Greedy
    70 | D        | Found a stormy altar of Qazlal.
    71 | D        | Found a sacrificial altar of Ru.
    72 | D        | Found a shimmering blue altar of Sif Muna.
    73 | D        | Found a bloodstained altar of Trog.
    74 | D        | Found a hide-covered altar of Uskayaw.
    75 | D        | Found a radiant altar of Vehumet.
    76 | D        | Found an ornate altar of the Wu Jian Council.
    77 | D        | Found a shimmering altar of Xom.
    78 | D        | Found a basalt altar of Yredelemnul.
    79 | D        | Found a glowing silver altar of Zin.
    80 | D        | Found a glowing golden altar of the Shining One.
   240 | D        | Noticed a hornet
   240 | D        | Noticed a hornet
   240 | D        | Noticed an orc warrior
   240 | D        | Noticed a yak
   243 | D        | Killed a hornet
   244 | D        | Reached skill level 12 in Polearms
   244 | D        | Reached XP level 6. HP: 57/63 MP: 5/5
   249 | D        | Killed a hornet
   250 | D        | Reached skill level 10 in Fighting
   250 | D        | Reached skill level 13 in Polearms
   250 | D        | Reached skill level 10 in Armour
   250 | D        | Reached XP level 7. HP: 27/72 MP: 6/6
   263 | D        | Reached skill level 14 in Polearms
   265 | D        | Killed a yak
   424 | D        | Noticed a tengu warrior
   424 | D        | Noticed a cyclops
   424 | D        | Noticed a two-headed ogre
   424 | D        | Noticed a centaur warrior
   424 | D        | Noticed a vampire mosquito
   424 | D        | Noticed a tengu warrior
   440 | D        | Killed a tengu warrior
   441 | D        | Reached skill level 16 in Polearms
   441 | D        | Reached XP level 8. HP: 69/83 MP: 7/7
   443 | D        | Killed a cyclops
   446 | D        | Killed a two-headed ogre
   447 | D        | Reached skill level 17 in Polearms
   447 | D        | Reached XP level 9. HP: 76/93 MP: 8/8
   450 | D        | Killed a centaur warrior
   451 | D        | Reached skill level 18 in Polearms
   461 | D        | Killed a tengu warrior
   462 | D        | Reached skill level 19 in Polearms
   713 | D        | Noticed a komodo dragon
   720 | D        | Reached XP level 10. HP: 104/104 MP: 9/9
   745 | D        | Reached skill level 20 in Polearms
   750 | D        | Reached skill level 15 in Fighting
   750 | D        | Reached skill level 15 in Armour
   865 | D        | Noticed a cane toad
   865 | D        | Noticed a six-headed hydra
   866 | D        | Noticed a cane toad
   871 | D        | Killed a cane toad
   894 | D        | Killed a ten-headed hydra
   895 | D        | Reached skill level 21 in Polearms
   900 | D        | Killed a cane toad
  1057 | D        | Noticed an elephant
  1057 | D        | Noticed an elephant
  1057 | D        | Noticed an elephant
  1057 | D        | Noticed an elephant
  1057 | D        | Noticed a dire elephant
  1057 | D        | Noticed an elephant
  1058 | D        | Noticed a dire elephant
  1063 | D        | Killed an elephant
  1073 | D        | Killed a dire elephant
  1074 | D        | Reached skill level 22 in Polearms
  1074 | D        | Reached XP level 11. HP: 112/115 MP: 10/10
  1083 | D        | Killed a dire elephant
  1107 | D        | Reached skill level 23 in Polearms
  1344 | D        | Noticed an orc knight
  1365 | D        | Killed an orc knight
  1434 | D        | Noticed an orc knight
  1434 | D        | Noticed an orc knight
  1437 | D        | Killed an orc knight
  1445 | D        | Killed an orc knight
  1487 | D        | Noticed an orc high priest
  1491 | D        | Noticed a sun demon
  1495 | D        | Killed an orc high priest
  1496 | D        | Reached skill level 24 in Polearms
  1698 | D        | Found Celledap's Antique Weapon Emporium.
  1698 | D        | Noticed an orc sorcerer
  1698 | D        | Noticed an orc sorcerer
  1698 | D        | Noticed an orc sorcerer
  1698 | D        | Noticed an orc sorcerer
  1701 | D        | Noticed a sixfirhy
  1702 | D        | Killed an orc sorcerer
  1709 | D        | Killed an orc sorcerer
  1710 | D        | Found Namagh's Distillery.
  1711 | D        | Noticed an orc sorcerer
  1714 | D        | Killed an orc sorcerer
  1717 | D        | Noticed an orc sorcerer
  1722 | D        | Killed an orc sorcerer
  1727 | D        | Killed an orc sorcerer
  1729 | D        | Killed an orc sorcerer
  1730 | D        | Reached XP level 12. HP: 128/128 MP: 11/11
  1733 | D        | Found Ziepecw's General Store.
  1748 | D        | Found Ximelyh's Assorted Antiques.
  1762 | D        | Reached skill level 25 in Polearms
  1835 | D        | Bought a potion of invisibility for 80 gold pieces
  1835 | D        | Bought 2 potions of lignification for 60 gold pieces
  1835 | D        | Bought a potion of degeneration for 10 gold pieces
  1835 | D        | Bought a potion of ambrosia for 80 gold pieces
  1835 | D        | Bought a potion of might for 40 gold pieces
  1835 | D        | Bought a potion of flight for 30 gold pieces
  1835 | D        | Bought 2 potions of ambrosia for 160 gold pieces
  1835 | D        | Bought a potion of heal wounds for 50 gold pieces
  1839 | D        | Bought a potion of ambrosia for 112 gold pieces
  1839 | D        | Bought a scroll of identify for 28 gold pieces
  1841 | D        | Bought a scroll of enchant armour for 142 gold pieces
  1841 | D        | Bought 3 scrolls of enchant armour for 427 gold pieces
  1841 | D        | Bought a scroll of identify for 38 gold pieces
  1841 | D        | Bought 2 smoky dark potions for 34 gold pieces
  1841 | D        | Bought a bronze ring for 95 gold pieces
  1841 | D        | Bought a scroll of identify for 38 gold pieces
  1857 | D        | Bought the amulet of the Four Winds {rN+ Will+++ Clar} for
                  | 971 gold pieces
  1857 | D        | Found the amulet of the Four Winds {rN+ Will+++ Clar}
  1874 | D        | Bought the ring "Fikhleo" {Contam rC++ rN+ Str+2} for 689
                  | gold pieces
  1887 | D        | Bought a runed trident for 240 gold pieces
  1887 | D        | Bought a glowing trident for 240 gold pieces
  1942 | D        | Noticed Josephine
  1951 | D        | Killed Josephine
  2028 | D        | Got the +4 chain mail of Gallantry {rN+ rCorr Int+3}
  2061 | D        | Noticed a centaur warrior
  2077 | D        | Noticed a lich
  2078 | D        | Noticed a frost giant
  2088 | D        | Killed a centaur warrior
  2089 | D        | Reached skill level 26 in Polearms
  2089 | D        | Noticed a vampire mage
  2091 | D        | Noticed a white very ugly thing
  2100 | D        | Noticed a fire dragon
  2105 | D        | Killed a lich
  2106 | D        | Noticed a fire giant
  2109 | D        | Noticed a rakshasa
  2113 | D        | Killed a frost giant
  2119 | D        | Killed a white very ugly thing
  2127 | D        | Killed a vampire mage
  2128 | D        | Reached skill level 27 in Polearms
  2141 | D        | Killed a fire dragon
  2142 | D        | Reached skill level 1 in Evocations
  2150 | D        | Killed a fire giant
  2162 | D        | Killed a rakshasa
  2163 | D        | Reached skill level 5 in Shields
  2361 | D        | Bought a scroll labelled FUATOEROYZUBB for 25 gold pieces
  2361 | D        | Bought a grey potion for 22 gold pieces
  2361 | D        | Bought a brightly glowing orb for 350 gold pieces
  2361 | D        | Identified the orb of Untruth {guile, Harm rN+} (You bought
                  | it in a shop in the Dungeon)
  2361 | D        | Bought a scroll of identify for 50 gold pieces
  2361 | D        | Bought a pair of heavily runed gloves for 237 gold pieces
  2361 | D        | Identified the +3 pair of gloves of Discretion {Str-3 Dex+3
                  | SInv} (You bought it in a shop in the Dungeon)
  2361 | D        | Bought a piece from Xom's chessboard (15/15) for 500 gold
                  | pieces
  2401 | D        | Noticed Gastronok
  2414 | D        | Killed Gastronok
  2456 | D        | Noticed Nessos
  2479 | D        | Killed Nessos
  2480 | D        | Reached XP level 13. HP: 35/143 MP: 12/12
  2788 | D        | Noticed a spark wasp
  2824 | D        | HP: 7/145 [spark wasp (10)]
  2824 | D        | HP: 3/145 [spark wasp (4)]
  2835 | D        | Mangled by a spark wasp

Illustrated notes

Levels and vault maps discovered:
D:        linesprint [early_d, line_temple, items_1, d_10, items_2, lair_1,
          lair_end, items_3, orc_1, orc_end, items_4, d_15, swamp_1, shoals_1,
          snake_1, spider_1, d_20, vaults_1, items_5, swamp_end, shoals_end,
          snake_end, spider_end, vaults_end, d_27, items_6, zot_1, zot_end,
          crypt_end, forest_end, elf_end, slime_end, tomb_end, abyss_end,
          pan_hell_end]

Skill      XL: |  1  2  3  4  5  6  7  8  9 10 11 12 13 |
---------------+----------------------------------------+-----
Polearms       | 4 7 9 12 13 16 17 19 22 24 27 | 27.0
Fighting       | 4 6 7 9 10 12 13 14 16 18 21 | 21.7
Armour         | 4 6 7 9 10 12 13 14 16 18 20 | 20.9
Shields        | 6 7 |  7.3
Evocations     | 3 4 |  4.6

Action                     |  1- 3 |  4- 6 |  7- 9 | 10-12 | 13-15 || total
---------------------------+-------+-------+-------+-------+-------++-------
  Melee: Trident           |    15 |    19 |       |       |       ||    34
         Headbutt          |     1 |     8 |     9 |    77 |     8 ||   103
         Halberd           |       |     9 |    53 |   359 |    37 ||   458
 Invoke: Call Merchant     |       |       |       |     5 |       ||     5
    Use: Potion            |       |     2 |     2 |    15 |     3 ||    22
         Scroll            |       |       |       |     4 |     2 ||     6
   Stab: Distracted        |       |       |     1 |     1 |       ||     2
         Invisible         |       |       |       |     2 |       ||     2
 Armour: Scale mail        |     3 |     3 |       |       |       ||     6
         Plate armour      |       |     8 |    45 |   104 |       ||   157
         Chain mail        |       |       |       |    56 |    20 ||    76
  Dodge: Dodged            |     4 |    12 |    16 |    74 |    13 ||   119
  Block: Buckler           |     2 |     5 |       |       |       ||     7
